 Dungeon Crawl Stone Soup version 0.29.0-11-gd7f09526c8 (webtiles) character file.

Game seed: 4371712638486660716

14259 freelancePsychic the Artisan of Death (level 12, 0/97 HPs)
             Began as a Formicid Conjurer on Sept 3, 2022.
             Was a Priest of Kikubaaqudgha.
             Slain by an ice devil (9 damage)
             ... summoned by a kobold demonologist
             ... on level 11 of the Dungeon.
             The game lasted 00:28:40 (14464 turns).

freelancePsychic the Artisan of Death (FoCj)       Turns: 14464, Time: 00:28:40

Health: 0/97       AC: 14    Str: 12    XL:     12   Next: 42%
Magic:  16/26      EV: 11    Int: 23    God:    Kikubaaqudgha [***...]
Gold:   1772       SH:  8    Dex: 12    Spells: 3/18 levels left

rFire   + . .      SeeInvis +   d - +3 spear (pain)
rCold   + . .      Faith    .   m - +2 buckler
rNeg    . . .      Spirit   .   C - +0 steam dragon scales
rPois   +          Reflect  .   (helmet unavailable)
rElec   +          Harm     .   H - +2 cloak {Stlth+}
rCorr   +          Rampage  .   c - +0 pair of gloves
Will    +....                   L - +0 pair of boots
Stlth   ++++......              (no amulet)
HPRegen 0.26/turn               v - ring of magical power
MPRegen 0.20/turn               s - +4 ring of protection

@: resistant
A: permanent stasis, dig shafts and tunnels, antennae 3, four strong arms
a: Dig, Shaft Self, Renounce Religion, Unearth Wretches


You were on level 11 of the Dungeon.
You worshipped Kikubaaqudgha.
Kikubaaqudgha was most pleased with you.
You visited 2 branches of the dungeon, and saw 12 of its levels.
You also visited: Sewer and Bailey.

You collected 1772 gold pieces.

Inventory:

Hand Weapons
 d - a +3 spear of pain (weapon)
 e - a +0 whip
 g - a +2 dagger of freezing
Missiles
 r - 4 curare-tipped darts
Armour
 c - a +0 pair of gloves (worn)
 l - a +0 tower shield
 m - a +2 buckler (worn)
 C - +0 steam dragon scales (worn)
 H - a +2 cloak of stealth (worn)
 L - a +0 pair of boots (worn)
Jewellery
 k - a ring of protection from fire
 s - a +4 ring of protection (right hand)
 v - a ring of magical power (left hand)
Wands
 t - a wand of iceblast (11)
 w - a wand of acid (6)
 y - a wand of mindburst (17)
 J - a wand of flame (22)
Scrolls
 f - a scroll of silence
 i - 3 scrolls of fear
 j - a scroll of butterflies
 n - 3 scrolls of enchant armour
 o - a scroll of torment
 p - a scroll of amnesia
 F - 2 scrolls of poison
 K - 3 scrolls of identify {@r1}
Potions
 a - 2 potions of ambrosia {unknown}
 b - 6 potions of magic
 h - 2 potions of attraction
 q - 3 potions of cancellation
 u - 2 potions of curing {unknown}
 x - 5 potions of heal wounds {unknown}
 z - a potion of lignification
 A - 3 potions of brilliance {unknown}
 D - 3 potions of haste {@q3}
 E - 3 potions of mutation {unknown}
 G - 2 potions of might
 I - a potion of invisibility {unknown}
Miscellaneous
 M - a phantom mirror (inert)


   Skills:
 - Level 9.8 Fighting
 * Level 10.0 Polearms
 - Level 1.7 Dodging
 - Level 5.0 Stealth
 - Level 7.7 Shields
 + Level 3.9 Spellcasting
 - Level 4.4 Conjurations
 - Level 5.4 Hexes
 + Level 10.4 Necromancy


You had 3 spell levels left.
You knew the following spells:

 Your Spells              Type           Power      Damage    Failure   Level
a - Searing Ray           Conj           50%        2d6       3%          2
b - Vampiric Draining     Necr           51%        2d9       1%          3
c - Anguish               Hex/Necr       20%        N/A       4%          4
d - Death Channel         Necr           25%        N/A       26%         6

Your spell library contained the following spells:

 Spells                   Type           Power      Damage    Failure   Level
 Magic Dart               Conj           100%       1d8       1%          1
 Necrotise                Necr           100%       1d9       1%          1
 Sublimation of Blood     Necr           51%        N/A       1%          2
 Dazzling Flash           Conj/Hex       54%        N/A       4%          3
 Ensorcelled Hibernation  Hex/Ice        32%        N/A       6%          2
 Summon Guardian Golem    Hex/Summ       16%        N/A       12%         3
 Agony                    Necr           51%        N/A       4%          5
 Cause Fear               Hex            14%        N/A       14%         4
 Fulminant Prism          Conj/Hex       13%        3d9       16%         4
 Corpse Rot               Necr/Pois/Air  20%        N/A       30%         4
 Leda's Liquefaction      Hex/Erth       8%         N/A       38%         4
 Borgnjor's Vile Clutch   Necr/Erth      14%        N/A       38%         5
 Iskenderun's Mystic Bla  Conj/Tloc      14%        2d5       45%         4
 Simulacrum               Ice/Necr       14%        N/A       92%         6
 Orb of Destruction       Conj           12%        9d7       100%        7
 Spellforged Servitor     Conj/Summ      7%         N/A       100%        7
 Borgnjor's Revivificati  Necr           25%        N/A       100%        8
 Necromutation            Tmut/Necr      14%        N/A       100%        8
 Death's Door             Necr           25%        N/A       100%        9
 Dragon's Call            Summ           2%         N/A       100%        9


Dungeon Overview and Level Annotations

Branches:
Dungeon (11/15)            Temple (1/1) D:4            Lair (0/5) D:8
    Orc (0/2) D:9           Sewer (visited)          Bailey (visited)

Altars:
Ashenzari
Cheibriados
Dithmenos
Elyvilon
Fedhas
Gozag
Hepliaklqana
Kikubaaqudgha
Makhleb
Nemelex Xobeh
Okawaru
Qazlal
Ru
Sif Muna
Trog
Uskayaw
Vehumet
Wu Jian
Xom
Yredelemnul
Zin
The Shining One

Shops:
D:10 !


Innate Abilities, Weirdness & Mutations

You cannot be hasted, slowed, berserked, paralysed or teleported.
You can dig through walls and to a lower floor.
You have a pair of large antennae on your head. (SInv)
Your four strong arms can wield two-handed weapons with a shield.


Message History

You draw life force from the kobold demonologist!
You feel life coursing into your body.
You feel sick. The ice devil hits you! The ice devil freezes you!
The kobold demonologist closely misses you.
The rust devil barely misses you.
You feel sick.
Okay, then.
Aiming: Corrosive Bolt
Press: ? - help, Shift-Dir - straight line, f/p - kobold demonologist
Aim: a kobold demonologist, wielding a +0 dagger and wearing a +0 robe (heavily wounded, anguished, 60% to hit)
The bolt of acid hits the ice devil!
The acid corrodes the ice devil!
The ice devil is moderately wounded.
The bolt of acid misses the kobold demonologist.
You feel sick. The ice devil hits you. The ice devil freezes you!
* * * LOW HITPOINT WARNING * * *
Okay, then.
Okay, then.
You feel protected.
You feel sick.
The ice devil hits you but does no damage.
The kobold demonologist gestures wildly while chanting.
Aiming: Corrosive Bolt
Press: ? - help, Shift-Dir - straight line, f/p - kobold demonologist
Aim: a kobold demonologist, wielding a +0 dagger and wearing a +0 robe (heavily wounded, anguished, 60% to hit)
The bolt of acid hits the ice devil.
The ice devil seems to be corroded for longer.
The ice devil is moderately wounded.
The bolt of acid hits the kobold demonologist!
The acid corrodes the kobold demonologist!
The kobold demonologist is severely wounded.
The bolt of acid hits the ufetubus!
You kill the ufetubus!
The ufetubus disappears in a puff of smoke!
You feel sick.
You are no longer poisoned.
The ice devil hits you!
* * * LOW HITPOINT WARNING * * *
The ice devil freezes you! You resist.
You die...
Kikubaaqudgha rasps: "You have failed me!
Welcome... death!"

##############
#............## #######
#............'.
....4..####............#.
......4#†.'............##
.....§K4@##............#
......5####............#
....... ####'#########
....... #.## ....... #..#
####.## ##.# .. #.# ###
#.< #####'#### #.#
#........####.#


You could see an ice devil (summoned, corroded), a rust devil (summoned), a
kobold demonologist (corroded, anguished), a chaos spawn (summoned) and a shadow
imp (summoned).

Vanquished Creatures
  A two-headed ogre (D:9)
  An orc knight (Bailey)
  Maggie (D:7)
  2 komodo dragons (D:8)
  A hornet (D:9)
  A basilisk (D:8)
  A wyvern (D:8)
  20 yaks
  A steam dragon (D:7)
  4 vampire mosquitoes (D:10)
  Duvessa (D:5)
  4 acid dragons
  A water moccasin (Sewer)
  2 swamp drakes
  2 sky beasts
  An orc warrior (D:9)
  4 ice beasts
  4 ogres
  4 centaurs
  2 kobold brigands (D:8)
  2 phantoms
  2 necrophages
  A gnoll sergeant (D:6)
  2 bullfrogs (D:7)
  5 scorpions
  Dowan (D:5)
  5 wights
  16 killer bees
  A howler monkey (D:8)
  4 crimson imps (D:9)
  3 hounds
  2 jellies
  7 orc priests
  3 iguanas
  20 orc wizards
  11 gnolls
  3 adders
  A shadow imp (D:7)
  A white imp (D:8)
  An ufetubus (D:6)
  A dart slug (D:1)
  48 orcs
  5 endoplasms
  4 giant cockroaches
  4 goblins (D:1)
  6 hobgoblins
  7 kobolds
  5 quokkas
  5 ball pythons
  9 bats
  4 frilled lizards
  2 rats
249 creatures vanquished.

Vanquished Creatures (collateral kills)
  A hydra (D:11)
1 creature vanquished.

Vanquished Creatures (others)
  A manticore (D:10)
  2 komodo dragons (D:11)
  A shadow (D:10)
  6 yaks
  An orc warrior (D:11)
  A black bear (D:6)
  6 wights
  4 killer bees
22 creatures vanquished.

Grand Total: 272 creatures vanquished

Notes
Turn   | Place    | Note
-------+----------+-------------------------------------------
     0 | D:1      | freelancePsychic the Formicid Conjurer began the quest for
                  | the Orb.
     0 | D:1      | Reached XP level 1. HP: 13/13 MP: 3/3
   199 | D:1      | Reached XP level 2. HP: 20/20 MP: 3/5
   232 | D:1      | Learned a level 2 spell: Searing Ray
   373 | D:1      | Reached skill level 1 in Fighting
   507 | D:1      | Reached XP level 3. HP: 26/26 MP: 2/6
  1441 | D:2      | You fall into a shaft and drop 1 floor!
  1485 | D:3      | Reached XP level 4. HP: 23/32 MP: 2/7
  1543 | D:3      | Found a stormy altar of Qazlal.
  1544 | D:3      | Found a snail-covered altar of Cheibriados.
  1544 | D:3      | Found a blossoming altar of Fedhas.
  1588 | D:3      | Found a glowing drain.
  1592 | Sewer    | Entered a sewer
  1667 | Sewer    | Noticed a water moccasin
  1682 | Sewer    | Killed a water moccasin
  1683 | Sewer    | Reached skill level 5 in Stealth
  1683 | Sewer    | Reached XP level 5. HP: 39/39 MP: 5/8
  1884 | D:3      | Reached XP level 6. HP: 33/47 MP: 9/9
  2410 | D:4      | Reached skill level 1 in Polearms
  2773 | D:4      | Found a staircase to the Ecumenical Temple.
  2841 | Temple   | Entered the Ecumenical Temple
  3426 | D:4      | Reached skill level 1 in Shields
  3768 | D:5      | Entered Level 5 of the Dungeon
  3803 | D:5      | Found a large runed translucent door.
  3803 | D:5      | Found a large runed translucent door.
  3804 | D:5      | Noticed an ice beast
  3921 | D:5      | Reached skill level 1 in Necromancy
  3921 | D:5      | Reached XP level 7. HP: 49/54 MP: 3/10
  4280 | D:5      | Noticed Duvessa
  4280 | D:5      | Noticed Dowan
  4359 | D:5      | Identified the +1 ring mail of Dramatic Exits {rC+ Dex-4
                  | SInv}
  4646 | D:5      | Reached XP level 8. HP: 61/61 MP: 11/11
  5110 | D:5      | Reached skill level 5 in Fighting
  5325 | D:5      | Found a broken altar of Ashenzari.
  5328 | D:5      | Found a bloodstained altar of Trog.
  5657 | D:6      | Reached skill level 5 in Necromancy
  5765 | D:6      | Reached XP level 9. HP: 59/69 MP: 12/12
  6552 | D:7      | Reached skill level 5 in Polearms
  6563 | D:7      | Reached skill level 5 in Shields
  7031 | D:7      | Noticed Maggie
  7235 | D:7      | Found a shadowy altar of Dithmenos.
  7301 | D:7      | Found an ancient bone altar of Kikubaaqudgha.
  7309 | D:7      | Became a worshipper of Kikubaaqudgha
  7330 | D:7      | Found a radiant altar of Vehumet.
  7420 | D:7      | Found a shimmering blue altar of Sif Muna.
  7671 | D:7      | Killed Maggie
  7672 | D:7      | Reached XP level 10. HP: 51/79 MP: 13/13
  8010 | D:8      | Found a flagged portal.
  8037 | Bailey   | Entered a bailey
  8195 | Bailey   | Noticed an orc knight
  8199 | Bailey   | Killed an orc knight
  8212 | Bailey   | Reached * piety under Kikubaaqudgha
  8212 | Bailey   | Received a gift from Kikubaaqudgha
  8256 | Bailey   | Acquired a +2 cloak of stealth
  8339 | Bailey   | Learned a level 3 spell: Vampiric Draining
  8344 | Bailey   | Learned a level 4 spell: Anguish
  8649 | D:8      | Identified the +2 ring mail "Rixuokk" {rC++ Int-3}
  8973 | D:8      | Noticed a komodo dragon
  8982 | D:8      | Killed a komodo dragon
  8983 | D:8      | Reached skill level 1 in Hexes
  9440 | D:8      | Found a staircase to the Lair.
  9459 | D:8      | Noticed a komodo dragon
  9467 | D:8      | Killed a komodo dragon
  9756 | D:8      | Reached XP level 11. HP: 87/87 MP: 14/14
 10049 | D:5      | Killed Dowan
 10057 | D:5      | Killed Duvessa
 10267 | D:9      | Noticed a two-headed ogre
 10274 | D:9      | Killed a two-headed ogre
 10478 | D:9      | Identified the +0 rapier "Grim Tooth" {antimagic, Will++}
 10724 | D:9      | Found a shimmering altar of Xom.
 11208 | D:9      | Reached ** piety under Kikubaaqudgha
 11523 | D:9      | Found a hide-covered altar of Uskayaw.
 11712 | D:9      | Reached skill level 5 in Hexes
 11756 | D:9      | Found a staircase to the Orcish Mines.
 11985 | D:10     | Entered Level 10 of the Dungeon
 12015 | D:10     | Found Suorghir's Distillery.
 12104 | D:10     | Acquired a Necronomicon
 12106 | D:10     | Acquired 1011 gold pieces
 12322 | D:10     | Noticed a manticore
 12332 | D:10     | Killed a manticore
 12758 | D:10     | Reached *** piety under Kikubaaqudgha
 12758 | D:10     | Received a gift from Kikubaaqudgha
 12759 | D:10     | Reached XP level 12. HP: 53/97 MP: 1/15
 13024 | D:10     | Learned a level 6 spell: Death Channel
 13377 | D:11     | Reached skill level 10 in Necromancy
 13930 | D:11     | Noticed an eight-headed hydra
 13932 | D:11     | Killed an eight-headed hydra
 14327 | D:11     | Reached skill level 10 in Polearms
 14376 | D:11     | Got the Vellum of Enchantment and the Legion
 14464 | D:11     | Slain by an ice devil

Illustrated notes

Levels and vault maps discovered:
D:1:      dpeg_arrival_renting, layout_basic, minmay_tromino_v2
D:2:      layout_rooms
D:3:      layout_rooms, chequers_temple_overflow_statue_of_worship,
          gup_sewer_entry_bowl, grunt_decor_clamped
D:4:      nicolae_cairo_tiling_large_dashed, layout_basic,
          minmay_temple_entry_proselytizer
D:5:      layout_loops_ring, jmf_multi_god_temple2,
          hangedman_abyss_or_decor_stagger, uniq_duvessa
D:6:      layout_rooms
D:7:      layout_loops_ring, palyth_temple_overflow_mages,
          mainiacjoe_overflow_alcove_4, eino_curves_02, uniq_maggie
D:8:      layout_loops_ring, erik_lair_dragon, enter_bailey_1,
          blue_anna_alchemist
D:9:      layout_cave_pools, nicolae_uskayaw_suspiria, led_xom_imps, erik_orc_1
D:10:     layout_loops_ring, serial_shops, nicolae_take_the_stairs
D:11:     layout_roguey, ebering_ghost_inner_flame, eino_jars
Temple:   bh_familiar_temple

Skill      XL: |  1  2  3  4  5  6  7  8  9 10 11 12 |
---------------+-------------------------------------+-----
Fighting       | 1 2 3 4 5 7 8 9 |  9.8
Stealth        | 3 5 |  5.0
Conjurations   | 4 |  4.4
Polearms       | 2 3 4 5 7 8 10 | 10.0
Shields        | 1 3 4 6 7 |  7.7
Necromancy     | 1 3 5 6 8 9 10 | 10.4
Hexes          | 3 5 |  5.4
Spellcasting   | 3 |  3.9
Dodging        | |  1.7

Action                   |  1- 3 |  4- 6 |  7- 9 | 10-12 || total
-------------------------+-------+-------+-------+-------++-------
Melee: Whip              |    15 |       |       |       ||    15
       Unarmed           |     1 |       |       |       ||     1
       Spear             |     8 |    77 |   174 |   617 ||   876
       Punch             |       |     2 |       |       ||     2
Throw: Dart              |       |       |     7 |     9 ||    16
       Throwing net      |       |       |       |     1 ||     1
 Cast: Magic Dart        |    12 |    11 |       |       ||    23
       Searing Ray       |    23 |    11 |    37 |       ||    71
       Vampiric Draining |       |       |       |    59 ||    59
       Anguish           |       |       |       |    45 ||    45
Evoke: Wand              |       |       |     4 |    10 ||    14
       Phantom mirror    |       |       |       |     1 ||     1
  Use: Scroll            |     7 |     4 |     3 |     7 ||    21
       Potion            |       |     2 |       |     1 ||     3
 Stab: Sleeping          |     1 |     5 |     5 |    16 ||    27
       Held in net/web   |       |       |       |     1 ||     1
Armor: Robe              |     3 |    17 |    45 |       ||    65
       Skin              |       |     3 |       |       ||     3
       Steam dragon scal |       |       |    16 |   146 ||   162
Dodge: Dodged            |    17 |    32 |    83 |   202 ||   334
Block: Buckler           |       |     9 |    54 |   159 ||   222
